 Dungeon Crawl Stone Soup version 0.25.1-8-g42b30a86e7 (webtiles) character file.

Game seed: 15869867130446368277

4053 Destapler the Skirmisher (level 10, -6/64 HPs)
             Began as a Gargoyle Monk on Dec 11, 2020.
             Was an Elder of Nemelex Xobeh.
             Mangled by a merfolk
             ... wielding a +0 trident
              (16 damage)
             ... on level 8 of the Dungeon.
             The game lasted 00:38:21 (7025 turns).

Destapler the Skirmisher (Gargoyle Monk)            Turns: 7025, Time: 00:38:21

Health: -6/64      AC: 15    Str: 22    XL:     10   Next: 24%
Magic:  14/14      EV: 11    Int: 11    God:    Nemelex Xobeh [****..]
Gold:   363        SH: 16    Dex: 14    Spells: 9/9 levels left

rFire    + . .     SeeInvis .   a - +5 short sword (distort)
rCold    . . .     Gourm    .   m - +0 kite shield
rNeg     + . .     Faith    .   z - +0 acid dragon scales
rPois    ∞         Spirit   .   (no helmet)
rElec    +         Reflect  +   y - scarf {repulsion}
rCorr    +         Harm     .   w - +0 pair of gloves
MR       .....                  (no boots)
Stlth    +++.......             K - amulet of reflection
HPRegen  0.20/turn              e - +6 ring of strength
MPRegen  0.14/turn              J - ring of protection from fire

@: repel missiles
A: negative energy resistance 1, electricity resistance, unbreathing,
petrification resistance, rot immunity, AC +7
a: Draw Escape, Draw Destruction, Draw Summoning, Triple Draw, Deal Four,
Renounce Religion


You were on level 8 of the Dungeon.
You worshipped Nemelex Xobeh.
Nemelex Xobeh was greatly pleased with you.
You were hungry.

You visited 1 branch of the dungeon, and saw 8 of its levels.

You collected 363 gold pieces.

Inventory:

Hand Weapons
 a - a +5 short sword of distortion (weapon)
Missiles
 x - a curare-tipped dart
 D - 7 boomerangs
 E - 23 poisoned darts
 L - 8 silver boomerangs (quivered)
Armour
 m - a +0 kite shield (worn)
 w - a +0 pair of gloves (worn)
 y - a scarf of repulsion (worn)
 z - +0 acid dragon scales (worn)
Jewellery
 e - a +6 ring of strength (left hand)
 J - a ring of protection from fire (right hand)
 K - an amulet of reflection (around neck)
Wands
 q - a wand of polymorph (2)
 t - a wand of iceblast (13)
 I - a wand of paralysis (9)
Scrolls
 f - 2 scrolls of enchant weapon {unknown}
 g - 3 scrolls of teleportation {unknown}
 i - 2 scrolls of immolation {unknown}
 k - a scroll of fog {unknown}
 n - 2 scrolls of identify
 o - 5 scrolls of remove curse
 p - 5 scrolls of fear {unknown}
 v - a scroll of enchant armour {unknown}
 A - a scroll of magic mapping {unknown}
 B - 3 scrolls of amnesia {unknown}
 F - a scroll of blinking {unknown}
Potions
 d - 4 potions of curing
 h - 2 potions of heal wounds
 j - a potion of brilliance {unknown}
 l - a potion of flight {unknown}
 r - 3 potions of haste
 s - 2 potions of stabbing
 u - a potion of lignification {unknown}
 G - 2 potions of invisibility {unknown}
 H - a potion of degeneration {unknown}
Comestibles
 c - 13 rations


   Skills:
 + Level 7.9 Fighting
 + Level 4.7(5.1) Short Blades
   Level 2.6(4.1) Long Blades
 - Level 4.0 Armour
 - Level 3.1 Dodging
 + Level 7.4 Stealth
 + Level 6.5 Shields
 + Level 5.6 Invocations
 + Level 3.5 Evocations


You had 9 spell levels left.
You didn't know any spells.
Your spell library contained the following spells:

 Spells                   Type           Power        Failure   Level  Hunger
 Confusing Touch          Hex            #.......     99%         3    ####...
 Gell's Gravitas          Tloc           #.........   99%         3    ####...
 Petrify                  Tmut/Erth      #.......     100%        4    #####..
 Metabolic Englaciation   Hex/Ice        #.........   100%        5    ######.
 Yara's Violent Unravell  Hex/Tmut       #.........   100%        5    ######.


Dungeon Overview and Level Annotations

Branches:
Dungeon (8/15)             Temple (0/1) D:4
   Lair: D:8-11

Altars:
Ashenzari
Cheibriados
Dithmenos
Elyvilon
Gozag
Kikubaaqudgha
Makhleb
Nemelex Xobeh
Qazlal
Trog
Vehumet

Annotations:
Abyss:1 Crazy Yiuf


Innate Abilities, Weirdness & Mutations

You are resistant to torment.
Your stone body is resilient. (AC +7)
You are immune to poison.
You resist negative energy. (rN+)
You are resistant to electric shocks. (rElec)
You can survive without breathing.
You are immune to petrification.
You are immune to rotting.


Message History

The merfolk hits you with a +0 trident!
* * * LOW HITPOINT WARNING * * *
You puncture the merfolk!
The merfolk is almost dead.
The merfolk blinks!
The merfolk throws a boomerang.
The boomerang hits you.
* * * LOW HITPOINT WARNING * * *
The weapon returns to the merfolk!
You close the door.
You start resting.
A merfolk opens the door.
It is wielding a +0 trident.
The merfolk hits you with a +0 trident!
* * * LOW HITPOINT WARNING * * *
You hit the merfolk.
The merfolk is almost dead.
You block the merfolk's attack.
You completely miss the merfolk.
The merfolk is almost dead.
The merfolk hits you with a +0 trident!
You die...
Your body glows with a rainbow of weird colours and disappears.

....≈≈≈≈.....≈≈≈≈≈≈≈≈≈≈≈♣
.......≈....≈.♣≈≈≈≈≈≈≈≈≈.
...........≈...♣≈≈≈≈≈≈≈≈≈
.≈.≈≈♣...≈≈≈≈...≈.≈≈≈≈≈≈≈
.≈.≈≈≈≈.♣≈≈≈≈≈≈≈..≈#####≈
≈≈..≈≈≈..≈≈≈≈≈≈..≈##≈≈≈##
≈.........≈.≈≈≈..##≈≈≈≈≈#
...≈≈≈≈≈≈.......≈#≈...?≈≈
...≈≈≈≈≈≈≈≈≈.♣..@m).=.%.≈
..≈≈≈##≈≈≈≈≈≈♣..≈#≈≈.$..≈
##≈≈≈# ####≈≈♣.≈##≈≈≈≈≈#
##### ####≈≈≈ #≈≈≈##
#≈≈≈≈ #### #≈≈≈≈≈ #######


You could see a merfolk.

Vanquished Creatures
  Maggie (D:6)
  Prince Ribbit (D:8)
  A hippogriff (D:7)
  2 yaks (D:8)
  A hungry ghost (D:8)
  An orc warrior (D:6)
  3 black bears (D:8)
  A phantom (D:5)
  3 ogres
  A centaur (D:7)
  A big kobold (D:8)
  4 bullfrogs
  Dowan (D:4)
  A scorpion (D:5)
  5 electric eels (D:8)
  A howler monkey (D:6)
  3 crimson imps
  3 hounds
  A jelly (D:7)
  An orc priest (D:8)
  6 orc wizards
  Terence (D:2)
  Ijyb (D:3)
  5 worker ants
  A killer bee zombie (D:8)
  11 adders
  2 adder zombies
  3 adder skeletons
  2 worms
  A dart slug (D:3)
  5 leopard geckos
  28 orcs
  11 giant cockroaches
  8 goblins
  5 hobgoblins
  14 jackals
  10 kobolds
  6 quokkas
  2 bats
  2 frilled lizards (D:3)
  A leopard gecko skeleton (D:7)
  A leopard gecko zombie (D:2)
  4 rats
  A plant (D:8)
167 creatures vanquished.

Vanquished Creatures (collateral kills)
  2 hogs (D:8)
  Duvessa (D:4)
  2 orcs (D:7)
5 creatures vanquished.

Vanquished Creatures (others)
  A hog (D:8)
  A sky beast (D:6)
  An ogre (D:6)
  A centaur (D:5)
  A bullfrog (D:8)
  A scorpion (D:8)
  An electric eel (D:8)
  A bullfrog zombie (D:8)
  A hound (D:8)
  An adder (D:8)
  An orc (D:8)
11 creatures vanquished.

Grand Total: 183 creatures vanquished

Notes
Turn   | Place    | Note
-------+----------+-------------------------------------------
     0 | D:1      | Destapler the Gargoyle Monk began the quest for the Orb.
     0 | D:1      | Reached XP level 1. HP: 14/14 MP: 1/1
   349 | D:1      | Reached XP level 2. HP: 19/19 MP: 2/2
   753 | D:2      | Found a snail-covered altar of Cheibriados.
   933 | D:2      | Reached XP level 3. HP: 24/24 MP: 3/3
   969 | D:2      | Found a sparkling altar of Nemelex Xobeh.
  1118 | D:2      | Noticed Terence
  1131 | D:2      | Killed Terence
  1131 | D:2      | Reached skill level 1 in Shields
  1131 | D:2      | Reached XP level 4. HP: 29/29 MP: 4/4
  1191 | D:2      | Found a radiant altar of Vehumet.
  1201 | D:2      | Found a shadowy altar of Dithmenos.
  1309 | D:2      | Found a bloodstained altar of Trog.
  1389 | D:2      | Became a worshipper of Nemelex Xobeh the Trickster
  1389 | D:2      | Received a gift from Nemelex Xobeh
  1389 | D:2      | Received a gift from Nemelex Xobeh
  1389 | D:2      | Reached * piety under Nemelex Xobeh
  1389 | D:2      | Received a gift from Nemelex Xobeh
  1389 | D:2      | Received a gift from Nemelex Xobeh
  1389 | D:2      | Reached ** piety under Nemelex Xobeh
  1801 | D:3      | Reached XP level 5. HP: 33/34 MP: 5/5
  1812 | D:3      | Found a shattered altar of Ashenzari.
  1812 | D:3      | Found an ancient bone altar of Kikubaaqudgha.
  1813 | D:3      | Found a burning altar of Makhleb.
  1813 | D:3      | Received a gift from Nemelex Xobeh
  1813 | D:3      | Found an opulent altar of Gozag.
  1827 | D:3      | Reached skill level 1 in Armour
  2230 | D:3      | Reached skill level 1 in Evocations
  2267 | D:3      | Noticed Ijyb
  2339 | D:3      | Killed Ijyb
  2773 | D:4      | Found a staircase to the Ecumenical Temple.
  2809 | D:4      | Found a white marble altar of Elyvilon.
  2811 | D:4      | Noticed Duvessa
  2825 | D:4      | Reached XP level 6. HP: 34/39 MP: 5/7
  2829 | D:4      | Killed Duvessa
  2830 | D:4      | Noticed Dowan
  2855 | D:4      | Killed Dowan
  2855 | D:4      | Reached skill level 5 in Fighting
  2966 | D:4      | Reached *** piety under Nemelex Xobeh
  2966 | D:4      | Received a gift from Nemelex Xobeh
  3073 | D:4      | Reached XP level 7. HP: 38/44 MP: 8/8
  3319 | D:4      | Found a runed translucent door.
  3320 | D:4      | Noticed Crazy Yiuf
  3441 | D:4      | Banished Crazy Yiuf
  3564 | D:5      | Entered Level 5 of the Dungeon
  3567 | D:5      | Reached skill level 1 in Short Blades
  3583 | D:5      | Reached skill level 1 in Invocations
  3785 | D:5      | Noticed a fire elemental
  3807 | D:5      | Received a gift from Nemelex Xobeh
  4037 | D:5      | Reached XP level 8. HP: 50/50 MP: 9/9
  4121 | D:5      | Reached **** piety under Nemelex Xobeh
  4187 | D:5      | Noticed an air elemental
  4189 | D:5      | Found a stormy altar of Qazlal.
  4190 | D:5      | Noticed a water elemental
  4335 | D:6      | Found a sparkling altar of Nemelex Xobeh.
  4431 | D:6      | Received a gift from Nemelex Xobeh
  4465 | D:6      | Got a glimmering quarterstaff
  4778 | D:6      | Reached skill level 5 in Stealth
  4878 | D:6      | Received a gift from Nemelex Xobeh
  5295 | D:6      | Noticed Maggie
  5301 | D:6      | Killed Maggie
  5301 | D:6      | Reached XP level 9. HP: 43/56 MP: 8/11
  5323 | D:6      | Identified the +4 quarterstaff "Meryps" {vorpal, rC+ rN+}
                  | (You found it on level 6 of the Dungeon)
  5398 | D:6      | Received a gift from Nemelex Xobeh
  5591 | D:7      | Reached skill level 5 in Shields
  6224 | D:8      | Noticed Prince Ribbit
  6230 | D:8      | Killed Prince Ribbit
  6246 | D:8      | Reached skill level 5 in Invocations
  6329 | D:8      | Received a gift from Nemelex Xobeh
  6415 | D:8      | Reached XP level 10. HP: 60/63 MP: 13/13
  7025 | D:8      | Mangled by a merfolk

Illustrated notes

Levels and vault maps discovered:
D:1:      scummos_arrival_simple_crosswalls, layout_loops_ring, kennysheep_boxes
D:2:      layout_basic, nicolae_overflow_quartered_altars, old_standard_altar,
          uniq_terence
D:3:      layout_loops_corners, grunt_temple_overflow_open, first_ration,
          uniq_ijyb
D:4:      layout_rooms, elyvilon_altar_5, temple_doors_e, uniq_duvessa,
          uniq_crazy_yiuf_cottage
D:5:      layout_rooms, nicolae_qazlal_style_of_elements,
          hangedman_decor_slide_cut, minmay_manual_monstrance
D:6:      layout_basic, basic_altar, uniq_maggie
D:7:      layout_rooms, minmay_misc_feat_rows
D:8:      kennysheep_town, uniq_prince_ribbit1

Skill      XL: |  1  2  3  4  5  6  7  8  9 |
---------------+----------------------------+-----
Fighting       | 4 5 6 7 |  7.9
Dodging        | 3 |  3.1
Shields        | 1 2 3 4 6 |  6.5
Armour         | 1 2 3 4 |  4.0
Evocations     | 1 2 3 |  3.5
Stealth        | 3 4 5 7 |  7.4
Short Blades   | 1 3 4 |  4.7
Invocations    | 1 3 5 |  5.6
Long Blades    | |  2.6

Action                   |  1- 3 |  4- 6 |  7- 9 | 10-12 || total
-------------------------+-------+-------+-------+-------++-------
Melee: Falchion          |    34 |       |       |       ||    34
       Dagger            |    52 |   191 |       |       ||   243
       Short sword       |       |    21 |   189 |    65 ||   275
Throw: Dart              |       |       |     3 |       ||     3
       Boomerang         |       |       |     1 |    10 ||    11
Invok: Draw Summoning    |       |     1 |     3 |       ||     4
       Draw Destruction  |       |     1 |     1 |       ||     2
       Triple Draw       |       |       |     1 |       ||     1
       Draw Escape       |       |       |     1 |     2 ||     3
       Deal Four         |       |       |     1 |       ||     1
  Use: Scroll            |       |     2 |     4 |       ||     6
 Stab: Sleeping          |     6 |     3 |     7 |     2 ||    18
  Eat: Chunk             |     1 |     6 |    11 |     2 ||    20
Armor: Robe              |    20 |    58 |    26 |       ||   104
       Skin              |     5 |       |       |       ||     5
       Acid dragon scale |       |       |    16 |     5 ||    21
Dodge: Dodged            |    54 |    98 |    58 |    10 ||   220
       Repelled          |       |       |       |     2 ||     2
Block: Kite shield       |       |    71 |    39 |    26 ||   136
       Reflection        |       |       |       |     1 ||     1
       Rpst.: Falchion   |    10 |       |       |       ||    10
